 Dungeon Crawl Stone Soup version 0.25.1-2-g60ff931df9 (webtiles) character file.

Game seed: 5599138538953615040

42 Martska the Skirmisher (level 3, -2/34 HPs)
             Began as a Naga Fighter on Aug 9, 2020.
             Slain by a worm (3 damage)
             ... on level 2 of the Dungeon.
             The game lasted 00:02:21 (1112 turns).

Martska the Skirmisher (Naga Fighter)               Turns: 1112, Time: 00:02:22

Health: -2/34      AC:  4    Str: 18    XL:     3   Next: 54%
Magic:  3/3        EV:  6    Int:  9    God:
Gold:   45         SH:  8    Dex: 10    Spells: 2/2 levels left

rFire    . . .     SeeInvis +   a - +0 trident
rCold    . . .     Gourm    .   c - +0 kite shield
rNeg     . . .     Faith    .   p - +0 leather armour (curse)
rPois    +         Spirit   .   j - +2 hat
rElec    .         Reflect  .   (no cloak)
rCorr    .         Harm     .   (no gloves)
MR       .....                  (no barding)
Stlth    +.........             (no amulet)
HPRegen  0.11/turn              (no ring)
MPRegen  0.08/turn              (no ring)

@: very slow
A: large, see invisible, deformed body, poison resistance, slowness 2, slow
metabolism 1, spit poison 1, AC +1
a: Spit Poison


You were on level 2 of the Dungeon.
You were not hungry.

You visited 1 branch of the dungeon, and saw 2 of its levels.

You collected 45 gold pieces.

Inventory:

Hand Weapons
 a - a +0 trident (weapon)
Armour
 b - a +0 scale mail
 c - a +0 kite shield (worn)
 j - a +2 hat (worn)
 p - a cursed +0 leather armour (worn)
Jewellery
 g - an uncursed ring of flight {unknown}
 l - an uncursed amulet of reflection {unknown}
Scrolls
 i - a scroll of fear {unknown}
 k - a scroll of teleportation {unknown}
 m - a scroll of enchant weapon {unknown}
 n - a scroll of amnesia {unknown}
 q - a scroll of identify {unknown}
 r - a scroll of fog {unknown}
 s - a scroll of noise {unknown}
Potions
 d - 2 potions of might
 e - a potion of berserk rage {unknown}
 h - a potion of mutation {unknown}
 o - a potion of stabbing {unknown}
Comestibles
 f - 5 rations


   Skills:
 * Level 3.5 Fighting
 * Level 2.9 Polearms
 - Level 2.4 Armour
 + Level 0.0 Dodging
 + Level 2.7 Shields


You had 2 spell levels left.
You didn't know any spells.
Your spell library was empty.

Dungeon Overview and Level Annotations

Branches:
Dungeon (2/15)

Altars:


Innate Abilities, Weirdness & Mutations

You cannot wear boots.
Your serpentine skin is tough. (AC +1)
You have supernaturally acute eyesight. (SInv)
Armour fits poorly on your strangely shaped body.
Your system is resistant to poisons. (rPois)
You cover ground very slowly.
You have a slow metabolism.
You can spit poison.


Message History

You kill the giant cockroach!
You block the goblin's attack. The worm bites you!
You block the goblin's attack.
You hit the rat but do no damage. The rat bites you but does no damage.
The goblin barely misses you. The worm bites you but does no damage.
You hit the rat but do no damage. The rat bites you.
You block the goblin's attack.
Your shield prevents you from hitting the rat.
You block the rat's attack. The goblin hits you. The worm bites you!
* * * LOW HITPOINT WARNING * * *
You puncture the rat!
You kill the rat!
You block the goblin's attack. The worm bites you!
* * * LOW HITPOINT WARNING * * *
You barely miss the worm. The goblin barely misses you.
You block the goblin's attack.
You hit the worm.
The worm is lightly wounded.
The worm bites you.
You die...

. ....8.##.#
.. )!.....#.#
.8. ...8...
....###.....#
##........#.#
............#
#.(<..#.#
#.#...g...#
#.....†@..#
#....#w...#
+....#..#.#
#...w#..#.#
......#..# .
##....#..# .#
### #..# #
#..#


You could see a worm and a goblin.

Vanquished Creatures
  A dart slug (D:1)
  4 leopard geckos (D:1)
  3 bats (D:1)
  3 giant cockroaches
  7 goblins (D:1)
  6 hobgoblins (D:1)
  A frilled lizard (D:1)
  3 kobolds (D:1)
  3 rats
31 creatures vanquished.

Notes
Turn   | Place    | Note
-------+----------+-------------------------------------------
     0 | D:1      | Martska the Naga Fighter began the quest for the Orb.
     0 | D:1      | Reached XP level 1. HP: 21/21 MP: 1/1
    74 | D:1      | Reached XP level 2. HP: 24/28 MP: 2/2
   495 | D:1      | Reached XP level 3. HP: 22/34 MP: 3/3
  1110 | D:2      | HP: 1/34 [worm (7)]
  1112 | D:2      | Slain by a worm

Illustrated notes

Levels and vault maps discovered:
D:1:      ncdulo_watergridlock, layout_rooms, minmay_domino_4
D:2:      layout_basic, eat_drink_and_be_merry_uskayaw

Action                   || total
-------------------------++-------
Melee: Trident           ||   100
Armor: Scale mail        ||    45
       Leather armour    ||     4
Dodge: Dodged            ||    30
Block: Kite shield       ||    47
